 Dungeon Crawl Stone Soup version 0.25-a0-663-gace7076f2c (webtiles) character file.

Game seed: 8060552536589190971, levelgen mode: deterministic

65790 Chromatus the Severer (level 15, -2/122 HPs)
             Began as a Formicid Fighter on Mar 23, 2020.
             Was the Champion of Cheibriados.
             Slain by a 15-headed hydra (3 damage)
             ... on level 5 of the Lair of Beasts on Mar 24, 2020.
             The game lasted 01:35:34 (22504 turns).

Chromatus the Severer (Formicid Fighter)           Turns: 22504, Time: 01:35:35

Health: -2/122     AC: 19    Str: 46    XL:     15   Next: 59%
Magic:  0/23       EV: 11    Int: 25    God:    Cheibriados [******]
Gold:   990        SH: 25    Dex: 25    Spells: 14/14 levels left

rFire    . . .     SeeInvis +   k - +3 war axe (vorpal)
rCold    . . .     Gourm    .   y - +0 tower shield
rNeg     + . .     Faith    .   K - +2 chain mail {MR+}
rPois    +         Spirit   +   (helmet unavailable)
rElec    .         Reflect  .   g - +0 cloak
rCorr    .         Harm     .   E - +0 pair of gloves of Awe {*Drain rPois Str+6 Slay+2}
MR       ++...                  o - +0 pair of boots
Stlth    ..........             p - amulet of guardian spirit
HPRegen  0.30/turn              L - +2 ring of evasion
MPRegen  0.18/turn              z - ring of positive energy

@: very slow
A: permanent stasis, dig shafts and tunnels, four strong arms, antennae 3
a: Dig, Shaft Self, Bend Time, Temporal Distortion, Slouch, Step From Time,
Renounce Religion


You were on level 5 of the Lair of Beasts.
You worshipped Cheibriados.
Cheibriados was exalted by your worship.
You were not hungry.

You visited 4 branches of the dungeon, and saw 22 of its levels.
You also visited: Gauntlet.

You collected 1425 gold pieces.
You spent 435 gold pieces at shops.

Inventory:

Hand Weapons
 b - a +0 battleaxe
   (You took it off an orc warrior on level 9 of the Dungeon)
 k - a +3 vorpal war axe (weapon)
   (You took it off a vault guard on level 13 of the Dungeon)
 T - the +5 long sword "Duohiski" {elec, Int+2, unknown}
   (You found it on level 3 of the Lair of Beasts)

   Occasionally, upon striking a foe, it will discharge some electrical energy
   and cause terrible harm.
   It affects your intelligence (+2).
Missiles
 m - 3 throwing nets (quivered) {!f}
Armour
 g - a +0 cloak (worn)
   (You found it on level 4 of the Dungeon)
 o - a +0 pair of boots (worn)
   (You found it on level 2 of the Dungeon)
 y - a +0 tower shield (worn)
   (You found it on level 7 of the Dungeon)
 A - a +2 chain mail of cold resistance
   (You took it off an orc on level 9 of the Dungeon)
 E - the +0 pair of gloves of Awe (worn) {*Drain rPois Str+6 Slay+2}
   (You found it on level 9 of the Dungeon)

   It affects your strength (+6).
   It affects your accuracy and damage with ranged weapons and melee attacks
   (+2).
   It protects you from poison.
   It causes draining when unequipped.
 K - a +2 chain mail of magic resistance (worn)
   (You found it on level 9 of the Dungeon)
Jewellery
 n - an uncursed ring of fire {unknown}
   (You found it on level 4 of the Lair of Beasts)
 p - an amulet of guardian spirit (around neck)
   (You found it on level 13 of the Dungeon)
 z - a ring of positive energy (right hand)
   (You found it on level 12 of the Dungeon)
 L - a +2 ring of evasion (left hand)
   (You found it on level 11 of the Dungeon)
 M - an uncursed ring of wizardry
   (You found it on level 11 of the Dungeon)
Wands
 c - a wand of disintegration (26)
   (You found it on level 8 of the Dungeon)
 d - a wand of iceblast (7)
   (You found it on level 9 of the Dungeon)
 f - a wand of clouds (4)
   (You found it on level 12 of the Dungeon)
 u - a wand of paralysis (15)
   (You found it on level 11 of the Dungeon)
 v - a wand of digging (7)
   (You found it on level 14 of the Dungeon)
 x - a wand of acid (12)
   (You found it on level 12 of the Dungeon)
 C - a wand of polymorph (20)
   (You took it off an orc warrior on level 9 of the Dungeon)
 J - a wand of enslavement (7)
   (You found it on level 9 of the Dungeon)
 S - a wand of scattershot (8)
   (You found it on level 3 of the Lair of Beasts)
Scrolls
 a - 2 scrolls of enchant weapon
 l - 3 scrolls of magic mapping
 q - 9 scrolls of remove curse {@r2}
 w - 7 scrolls of immolation {!r}
 B - 6 scrolls of identify {@r1}
 D - 7 scrolls of vulnerability {unknown}
 F - a scroll of brand weapon {unknown}
 G - 4 scrolls of amnesia
 H - a scroll of fog {unknown}
 I - a scroll of fear
 P - 2 scrolls of enchant armour
 Q - a scroll of silence {unknown}
Potions
 h - 2 potions of lignification {!q}
 i - 2 potions of ambrosia
 j - 2 potions of resistance
 r - 3 potions of curing {@q1}
 s - 4 potions of flight
 t - 3 potions of mutation {!q}
 N - a potion of brilliance {unknown}
 O - 2 potions of might
Miscellaneous
 R - a box of beasts
Comestibles
 e - 43 rations {!d}


   Skills:
 + Level 12.6 Fighting
 * Level 15.6 Axes
 + Level 12.7 Armour
 + Level 12.6 Shields
 + Level 10.9 Invocations


You had 14 spell levels left.
You didn't know any spells.
Your spell library contained the following spells:

 Spells                   Type           Power        Failure   Level  Hunger
 Animate Skeleton         Necr           N/A          47%         1    ##.....
 Apportation              Tloc           #.....       47%         1    ##.....
 Corona                   Hex            #......      47%         1    ##.....
 Foxfire                  Conj/Fire      #...         47%         1    ##.....
 Pain                     Necr           #...         47%         1    ##.....
 Summon Small Mammal      Summ           #...         47%         1    ##.....
 Poisonous Vapours        Pois/Air       #.....       63%         2    ###....
 Conjure Flame            Conj/Fire      #.......     85%         3    ####...
 Inner Flame              Hex/Fire       #.......     85%         3    ####...
 Mephitic Cloud           Conj/Pois/Air  #.......     85%         3    ####...
 Vampiric Draining        Necr           #.........   85%         3    ####...
 Animate Dead             Necr           N/A          99%         4    #####..
 Sticky Flame             Conj/Fire      #.......     99%         4    #####..
 Agony                    Necr           #.......     100%        5    ######.
 Fireball                 Conj/Fire      #.........   100%        5    ######.
 Freezing Cloud           Conj/Ice/Air   #.........   100%        6    #######
 Ring of Flames           Chrm/Fire      #.........   100%        7    #######


Dungeon Overview and Level Annotations

Branches:
Dungeon (15/15)            Temple (1/1) D:4            Lair (5/6) D:10
  Swamp (0/4) Lair:3        Snake (0/4) Lair:3          Orc (1/2) D:11
 Vaults (0/5) D:13        Gauntlet (visited)
  Slime: Lair:5-6    Depths: D:15

Altars:
Ashenzari
Cheibriados
Dithmenos
Elyvilon
Fedhas
Gozag
Hepliaklqana
Kikubaaqudgha
Makhleb
Nemelex Xobeh
Okawaru
Qazlal
Ru
Sif Muna
Trog
Uskayaw
Vehumet
Wu Jian
Xom
Yredelemnul
Zin
The Shining One
Lugonu

Shops:
D:7 *

Portals:
Trove: D:11 (give +7 demon whip)

Annotations:
D:4 3 runed translucent doors, anet's ghost, novice DEWz
D:10 exclusions: electric eel and sensed monster (detected)
Lair:4 3 runed translucent doors, exclusion: 3 doors, Cain's ghost, journeyman DsFE


Innate Abilities, Weirdness & Mutations

You cannot be hasted, slowed, berserked, paralysed or teleported.
You can dig through walls and to a lower floor.
Your four strong arms can wield two-handed weapons with a shield.
You have a pair of large antennae on your head. (SInv)


Message History

The 14-headed hydra bites you but does no damage.
The 14-headed hydra bites you.
* * * LOW HITPOINT WARNING * * *
The 14-headed hydra bites you but does no damage.
Unknown command.
Okay, then.
Okay, then.
You feel better. You block the 14-headed hydra's attack.
The 14-headed hydra barely misses you. You block the 14-headed hydra's attack.
The 14-headed hydra closely misses you. The 14-headed hydra bites you.
* * * LOW HITPOINT WARNING * * *
The 14-headed hydra bites you but does no damage. x5
You block the 14-headed hydra's attack.
The 14-headed hydra bites you but does no damage.
The 14-headed hydra closely misses you. The 14-headed hydra bites you.
* * * LOW HITPOINT WARNING * * *
Unknown command.
Unknown command.
You slice one of the 14-headed hydra's heads off!
The 13-headed hydra grows two more!
You slice the 15-headed hydra!! You block the 15-headed hydra's attack.
The 15-headed hydra barely misses you. You block the 15-headed hydra's attack.
The 15-headed hydra bites you but does no damage. x2
The 15-headed hydra closely misses you. You block the 15-headed hydra's attack.
The 15-headed hydra closely misses you. The 15-headed hydra bites you.
* * * LOW HITPOINT WARNING * * *
The 15-headed hydra bites you.
* * * LOW HITPOINT WARNING * * *
The 15-headed hydra barely misses you. The 15-headed hydra closely misses you.
The 15-headed hydra bites you but does no damage. x2
The 15-headed hydra bites you!
* * * LOW HITPOINT WARNING * * *
Unknown command.
You feel better. You block the 15-headed hydra's attack.
The 15-headed hydra bites you.
* * * LOW HITPOINT WARNING * * *
You block the 15-headed hydra's attack. The 15-headed hydra barely misses you.
The 15-headed hydra bites you but does no damage.
You block the 15-headed hydra's attack. x2
The 15-headed hydra closely misses you. x2; The 15-headed hydra bites you.
* * * LOW HITPOINT WARNING * * *
The 15-headed hydra bites you.
* * * LOW HITPOINT WARNING * * *
You block the 15-headed hydra's attack. The 15-headed hydra bites you.
* * * LOW HITPOINT WARNING * * *
You block the 15-headed hydra's attack. x2
Are you sure you want to shaft yourself?
You feel somewhat more hungry.
You block the 15-headed hydra's attack. x2
The 15-headed hydra bites you.
You die...

###...#
###..(..##
#.#........#
............#
#.....#....##
####.##....#
## ##..##
#...# #@..#
#D.## #..#
...P ....#
P....# .....P
.......#


You could see a 15-headed hydra.

Vanquished Creatures
  Rupert (D:13)
  Jorgrun (D:12)
  Gastronok (D:12)
  A stone giant (Orc:1)
  Harold (D:7)
  4 vault guards (D:13)
  2 hydras
  5 centaur warriors
  6 two-headed ogres
  3 skeletal warriors (D:15)
  An orc sorcerer (D:11)
  2 orc knights
  11 ugly things
  4 manticores
  A wolf spider (D:15)
  4 cyclopes
  3 deep elf magi
  9 elephants
  2 black mambas
  Psyche (D:8)
  Maggie (D:7)
  3 centaur skeletons
  6 spiny frogs
  A gargoyle (D:12)
  A rime drake (Lair:4)
  3 komodo dragons
  A kobold demonologist (D:13)
  6 trolls
  2 hornets
  5 bog bodies (Lair:3)
  A polar bear (Lair:4)
  10 hippogriffs
  3 slime creatures (D:15)
  A dream sheep (Lair:3)
  8 blink frogs
  A shadow (D:14)
  A vampire (D:15)
  A wraith (D:15)
  32 yaks
  2 spriggans
  A yak (shapeshifter) (D:13)
  Eustachio (D:4)
  4 hungry ghosts
  2 wyverns (D:12)
  Menkaure (D:7)
  A naga (shapeshifter) (D:14)
  3 nagas (Lair:3)
  2 wargs (D:15)
  A soldier ant (shapeshifter) (D:12)
  13 water moccasins
  An acid dragon (D:14)
  5 porcupines
  A hornet zombie (D:14)
  7 sky beasts
  12 orc warriors
  4 phantoms
  2 black bears
  An eye of draining (D:14)
  7 ice beasts
  12 ogres
  14 centaurs
  11 wolves
  7 crocodiles
  3 big kobolds
  Blork the orc (D:7)
  24 bullfrogs
  5 scorpions
  2 wyvern skeletons (D:13)
  An electric eel (Lair:3)
  12 wights
  3 bullfrog zombies
  A howler monkey (D:4)
  7 crimson imps
  A quasit (D:9)
  A gnoll shaman (D:4)
  3 hounds
  3 jellies
  3 orc priests
  A bullfrog skeleton (D:4)
  13 orc wizards
  12 worker ants
  A killer bee zombie (D:7)
  A hound skeleton (D:4)
  A worker ant zombie (D:9)
  4 gnolls (D:6)
  18 adders
  4 shadow imps
  2 oozes
  2 adder skeletons (D:9)
  2 adder zombies
  3 worms (D:2)
  A dart slug (D:1)
  3 leopard geckos
  43 orcs
  6 giant cockroaches
  7 hobgoblins
  6 jackals
  16 kobolds
  8 quokkas
  3 ball pythons
  5 bats
  7 frilled lizards
  3 goblins (D:1)
  A jackal skeleton (D:6)
  A leopard gecko zombie (D:7)
  3 quokka skeletons
  13 rats
  2 bushes (Lair:3)
  2 fungi
  2 plants
531 creatures vanquished.

Vanquished Creatures (others)
  A kobold (D:12)
  3 fungi (Lair:4)
  3 plants
  7 withered plants (Gauntlet)
14 creatures vanquished.

Grand Total: 545 creatures vanquished

Notes
Turn   | Place    | Note
-------+----------+-------------------------------------------
     0 | D:1      | Chromatus the Formicid Fighter began the quest for the Orb.
     0 | D:1      | Reached XP level 1. HP: 18/18 MP: 1/1
   111 | D:1      | Reached XP level 2. HP: 24/24 MP: 2/2
   523 | D:1      | Reached XP level 3. HP: 29/29 MP: 3/3
   876 | D:2      | Reached skill level 3 in Axes
  1113 | D:2      | Reached XP level 4. HP: 16/37 MP: 4/4
  1600 | D:2      | Reached XP level 5. HP: 42/42 MP: 5/5
  1610 | D:2      | Noticed an ogre
  1654 | D:2      | Killed an ogre
  1654 | D:2      | Reached skill level 4 in Axes
  1654 | D:2      | Reached XP level 6. HP: 10/49 MP: 6/6
  3026 | D:3      | Found a sparkling altar of Nemelex Xobeh.
  3038 | D:3      | Found a blossoming altar of Fedhas.
  3043 | D:3      | Found an opulent altar of Gozag.
  3050 | D:3      | Found a radiant altar of Vehumet.
  3055 | D:3      | Found an ornate altar of the Wu Jian Council.
  3074 | D:3      | Found a hide-covered altar of Uskayaw.
  3079 | D:3      | Found a hazy altar of Hepliaklqana.
  3350 | D:4      | Reached skill level 5 in Axes
  3363 | D:4      | Reached XP level 7. HP: 49/55 MP: 7/7
  3577 | D:4      | Found a basalt altar of Yredelemnul.
  3586 | D:4      | Found a glowing golden altar of the Shining One.
  3610 | D:4      | Reached skill level 5 in Fighting
  3610 | D:4      | Reached skill level 5 in Armour
  3626 | D:4      | Noticed Eustachio
  3771 | D:4      | Killed Eustachio
  4387 | D:4      | Reached skill level 6 in Axes
  4404 | D:4      | Found a runed translucent gate.
  4407 | D:4      | Found an opulent altar of Gozag.
  4409 | D:4      | Found a runed translucent gate.
  4409 | D:4      | Noticed anet's ghost (novice DEWz)
  4410 | D:4      | Found a runed translucent gate.
  4443 | D:4      | Found a staircase to the Ecumenical Temple.
  4531 | Temple   | Entered the Ecumenical Temple
  4665 | D:4      | Reached XP level 8. HP: 56/63 MP: 8/8
  4830 | D:4      | Noticed an angel
  4840 | D:4      | Noticed a profane servitor
  4888 | D:5      | Entered Level 5 of the Dungeon
  5256 | D:5      | Found a bloodstained altar of Trog.
  5258 | D:5      | Found a snail-covered altar of Cheibriados.
  5263 | D:5      | Found a shimmering altar of Xom.
  5266 | D:5      | Became a worshipper of Cheibriados the Contemplative
  5291 | D:5      | Found a sacrificial altar of Ru.
  5536 | D:5      | Upgraded the game from 0.25-a0-661-g55ea3d2053 to
                  | 0.25-a0-663-gace7076f2c
  5869 | D:6      | Reached skill level 7 in Axes
  6542 | D:7      | Found Seavopse's General Store.
  6550 | D:7      | Bought an uncursed ring of resist corrosion for 260 gold
                  | pieces
  6699 | D:7      | Reached XP level 9. HP: 69/71 MP: 9/9
  6710 | D:7      | Reached * piety under Cheibriados
  6763 | D:7      | Reached skill level 8 in Axes
  7110 | D:7      | Noticed Maggie
  7130 | D:7      | Killed Maggie
  7130 | D:7      | Reached skill level 5 in Shields
  7260 | D:7      | Noticed Menkaure
  7264 | D:7      | Killed Menkaure
  7639 | D:7      | Noticed Blork the orc
  7694 | D:7      | Found a shimmering blue altar of Sif Muna.
  7746 | D:8      | Got a creamy pearl robe
  7812 | D:8      | Noticed Harold
  7847 | D:7      | Killed Harold
  7847 | D:7      | Reached skill level 9 in Axes
  7847 | D:7      | Reached XP level 10. HP: 18/80 MP: 10/10
  8396 | D:7      | Bought a scroll of remove curse for 39 gold pieces
  8415 | D:7      | Identified the +1 robe of Devotion {rCorr} (You found it on
                  | level 8 of the Dungeon)
  8594 | D:8      | Reached ** piety under Cheibriados
  8674 | D:8      | Noticed Psyche
  8689 | D:8      | Killed Psyche
  8689 | D:8      | Reached skill level 10 in Axes
  9000 | D:8      | Found a shattered altar of Ashenzari.
  9038 | D:8      | Reached skill level 1 in Invocations
  9395 | D:9      | Reached XP level 11. HP: 61/87 MP: 12/12
  9553 | D:9      | Reached *** piety under Cheibriados
  9592 | D:9      | Noticed a two-headed ogre
  9603 | D:9      | Killed a two-headed ogre
  9760 | D:9      | Reached skill level 11 in Axes
  9828 | D:9      | Noticed a centaur warrior
  9839 | D:9      | Killed a centaur warrior
 10000 | D:9      | Noticed a cyclops
 10017 | D:9      | Killed a cyclops
 10042 | D:9      | Reached **** piety under Cheibriados
 10085 | D:9      | Noticed a cyan ugly thing
 10101 | D:9      | Killed a cyan ugly thing
 10181 | D:9      | Got a pair of fine gloves
 10185 | D:9      | Got a translucent shortbow
 10238 | D:9      | Got a crystal arbalest
 10249 | D:9      | Identified the +6 arbalest "Sogupixa" {flame, rC+} (You
                  | found it on level 9 of the Dungeon)
 10260 | D:9      | Identified the cursed +0 pair of gloves of Awe {*Drain
                  | rPois Str+6 Slay+2} (You found it on level 9 of the
                  | Dungeon)
 10260 | D:9      | Identified the +9 shortbow of the Past {vorpal, *Drain
                  | rPois rF+} (You found it on level 9 of the Dungeon)
 11505 | D:7      | Bought a scroll of enchant weapon for 97 gold pieces
 11505 | D:7      | Bought a potion of flight for 39 gold pieces
 11560 | D:7      | Killed Blork the orc
 11610 | D:10     | Entered Level 10 of the Dungeon
 11884 | D:10     | Reached ***** piety under Cheibriados
 11951 | D:10     | Reached skill level 5 in Invocations
 11951 | D:10     | Reached XP level 12. HP: 96/96 MP: 15/15
 12299 | D:10     | Found a staircase to the Lair.
 12413 | D:11     | Reached skill level 12 in Axes
 12476 | D:11     | Got a scorched falchion
 12484 | D:11     | Found a gate leading to a gauntlet.
 12499 | Gauntlet | Entered a Gauntlet
 12499 | Gauntlet | Found a transporter.
 12499 | Gauntlet | Found a transporter.
 12499 | Gauntlet | Noticed a death ooze
 12499 | Gauntlet | Noticed a catoblepas
 12500 | Gauntlet | Found a transporter.
 12500 | Gauntlet | Found a transporter.
 12503 | Gauntlet | Found a transporter.
 12503 | Gauntlet | Found a transporter.
 12505 | Gauntlet | Found a large runed translucent door.
 12506 | Gauntlet | Found a large runed translucent door.
 12507 | Gauntlet | Found a large runed translucent door.
 12507 | Gauntlet | Found a large runed translucent door.
 12507 | Gauntlet | Found a runed translucent door.
 12508 | Gauntlet | Found a large runed translucent door.
 12509 | Gauntlet | Found a large runed translucent door.
 12510 | Gauntlet | Found a large runed translucent door.
 12510 | Gauntlet | Found a large runed translucent door.
 12511 | Gauntlet | Found a runed translucent gate.
 12517 | Gauntlet | Found a transporter.
 12519 | Gauntlet | Found a transporter.
 12529 | Gauntlet | Found a transporter.
 12536 | Gauntlet | Noticed a death scarab
 12537 | Gauntlet | Noticed a death scarab
 12619 | Gauntlet | Found a large runed translucent door.
 12620 | Gauntlet | Found a large runed translucent door.
 12621 | Gauntlet | Found a large runed translucent door.
 12621 | Gauntlet | Found a large runed translucent door.
 12621 | Gauntlet | Found a runed translucent door.
 12622 | Gauntlet | Found a large runed translucent door.
 12623 | Gauntlet | Found a large runed translucent door.
 12624 | Gauntlet | Found a large runed translucent door.
 12624 | Gauntlet | Found a large runed translucent door.
 12625 | Gauntlet | Found a runed translucent gate.
 12625 | Gauntlet | Found a runed translucent gate.
 12627 | Gauntlet | Found a transporter.
 12631 | Gauntlet | Found a transporter.
 12647 | Gauntlet | Found a transporter.
 12773 | D:11     | Found a staircase to the Orcish Mines.
 12826 | D:11     | Found a portal to a secret trove of treasure.
 13093 | D:11     | Reached skill level 10 in Armour
 13106 | D:11     | Reached skill level 10 in Fighting
 13416 | D:12     | Noticed a two-headed ogre
 13420 | D:12     | Killed a two-headed ogre
 13464 | D:12     | Noticed a two-headed ogre
 13471 | D:12     | Killed a two-headed ogre
 13575 | D:12     | Noticed Jorgrun
 13596 | D:12     | Killed Jorgrun
 13596 | D:12     | Reached XP level 13. HP: 43/104 MP: 16/18
 13994 | D:12     | Reached skill level 10 in Shields
 14147 | D:12     | Reached skill level 13 in Axes
 14150 | D:12     | Noticed Gastronok
 14173 | D:12     | Killed Gastronok
 15219 | D:13     | Reached ****** piety under Cheibriados
 15842 | D:13     | Noticed Rupert
 15855 | D:13     | Killed Rupert
 16317 | D:13     | Found a gate to the Vaults.
 16317 | D:13     | Noticed a vault guard
 16317 | D:13     | Noticed a vault guard
 16317 | D:13     | Noticed a vault guard
 16317 | D:13     | Noticed a vault guard
 16317 | D:13     | Noticed a centaur warrior
 16338 | D:13     | Killed a vault guard
 16344 | D:13     | Killed a vault guard
 16350 | D:13     | Killed a vault guard
 16362 | D:13     | Killed a vault guard
 16364 | D:13     | Killed a centaur warrior
 16376 | D:13     | Reached XP level 14. HP: 61/113 MP: 7/20
 16647 | D:14     | Reached skill level 14 in Axes
 17747 | D:15     | Entered Level 15 of the Dungeon
 18534 | Orc:1    | Entered Level 1 of the Orcish Mines
 18637 | Orc:1    | Noticed a stone giant
 18652 | Orc:1    | Killed a stone giant
 18716 | D:11     | Reached skill level 10 in Invocations
 18966 | Lair:1   | Entered Level 1 of the Lair of Beasts
 19012 | Lair:1   | Identified the +10 falchion of Dismay {protect, rElec MR-
                  | Int+4 SInv} (You found it on level 11 of the Dungeon)
 19391 | Lair:1   | Reached skill level 15 in Axes
 19391 | Lair:1   | Reached XP level 15. HP: 120/120 MP: 22/22
 20788 | Lair:3   | Found a staircase to the Snake Pit.
 20944 | Lair:3   | Got a transparent long sword
 21270 | Lair:3   | Found a staircase to the Swamp.
 21883 | Lair:4   | Found a runed translucent gate.
 21884 | Lair:4   | Found a runed translucent gate.
 21884 | Lair:4   | Noticed Cain's ghost (journeyman DsFE)
 21885 | Lair:4   | Found a runed translucent gate.
 22503 | Lair:5   | HP: 4/122 [15-headed hydra (5)]
 22503 | Lair:5   | HP: 1/122 [15-headed hydra (3)]
 22504 | Lair:5   | Slain by a 15-headed hydra

Levels and vault maps discovered:
D:1:      dpeg_arrival_rooms_a, layout_basic
D:2:      layout_basic
D:3:      layout_loops_ring, grunt_temple_overflow_octagram,
          corexii_corridor_pit, minmay_fractal_squares_gapless_5
D:4:      layout_loops_ring, grunt_temple_overflow_holy_war,
          minmay_temple_entry_enclosed_plants, first_ration,
          ebering_ghost_gozag, minmay_misc_feat_ornament, st_stairs_14,
          uniq_eustachio
D:5:      layout_loops_ring, minitemple, hangedman_decor_riveting,
          nicolae_ru_awakened_eye
D:6:      layout_gridville
D:7:      layout_loops_ring, tgw_sif, serial_shops, shop_fountains, the_bakery,
          minmay_a_box_with_orc_wizards_in_it, uniq_menkaure, uniq_maggie
D:8:      layout_loops_cross, ashenzari_altar_1, uniq_harold, uniq_psyche
D:9:      minmay_the_grid_square_5x5_4x4
          [minmay_the_grid_square_5x5_two_walls_a,
          minmay_the_grid_square_5x5_slash,
          minmay_the_grid_square_5x5_hourglass,
          minmay_the_grid_square_5x5_fat_x, minmay_the_grid_square_5x5_shuriken,
          minmay_the_grid_square_5x5_prize_junk,
          minmay_the_grid_square_5x5_prize_deathbox,
          minmay_the_grid_square_5x5_n_small, minmay_the_grid_square_5x5_n,
          minmay_the_grid_square_5x5_prize_itemx,
          minmay_the_grid_square_5x5_prize_open,
          minmay_the_grid_square_5x5_eight_small,
          minmay_the_grid_square_5x5_corner, minmay_the_grid_square_5x5_percent,
          minmay_the_grid_square_5x5_intrusive_squares,
          minmay_the_grid_square_5x5_dogpile], layout_basic,
          serial_co_window_serial, co_window_paths_a, co_window_paths_b,
          co_window_of_opportunity_a, co_window_of_opportunity_a,
          co_window_paths_a, co_window_corner_cb, co_window_of_opportunity_b,
          co_window_broadway_c, co_window_broadway_a, co_window_corner_b,
          co_window_broadway_c, co_window_4corner_b, glass_columns_b
D:10:     argonaut_augean_stables, layout_basic, david_lair_shrubbed
D:11:     layout_loops_ring, orc_0_dummy, enter_trove_2, gauntlet_entry_generic
D:12:     layout_irregular_city, uniq_gastronok, uniq_jorgrun
D:13:     layout_stronghold, lightli_vaults_fourway_checkpoint, uniq_rupert
D:14:     layout_loops_ring, hangedman_decor_opposing
D:15:     grunt_enter_depths_snipers, layout_loops_cross, serial_shops, shop,
          elyvilon_altar_5
Temple:   corrupted_temple
Lair:1:   layout_roguey
Lair:2:   layout_gridlike, minmay_stone_trees_small, serial_bayou_shore_a
Lair:3:   layout_cave_shapes, nicolae_swamp_entry_splash_gauntlet,
          minmay_snake_entry_guardpost_small, grunt_forest_large_clearing_hut
Lair:4:   layout_long_grid, gammafunk_ghost_hydra_chop
Lair:5:   layout_roguey, kennysheep_catoblepas_arena, minmay_lair_oklob_chamber,
          uniq_snorg
Orc:1:    layout_diamond_mine

Skill      XL: |  1  2  3  4  5  6  7  8  9 10 11 12 13 14 |
---------------+-------------------------------------------+-----
Axes           | 3 4 5 6 7 9 10 11 12 13 15 | 15.6
Fighting       | 4 5 6 7 8 9 10 11 12 | 12.6
Armour         | 4 5 6 8 9 10 11 12 | 12.7
Shields        | 6 7 8 9 10 12 | 12.6
Invocations    | 2 5 7 8 10 | 10.9

Action                   |  1- 3 |  4- 6 |  7- 9 | 10-12 | 13-15 || total
-------------------------+-------+-------+-------+-------+-------++-------
Melee: War axe           |   114 |   227 |   371 |   245 |   559 ||  1516
       Battleaxe         |       |       |       |   258 |   176 ||   434
Invok: Bend Time         |       |       |       |       |     3 ||     3
       Slouch            |       |       |       |       |     3 ||     3
 Abil: Shaft Self        |       |       |       |       |     1 ||     1
Evoke: Wand              |       |       |       |       |     1 ||     1
  Use: Scroll            |       |     7 |     4 |    12 |     4 ||    27
       Potion            |       |       |     2 |     4 |     6 ||    12
 Stab: Invisible         |       |       |     4 |       |       ||     4
       Distracted        |       |       |       |       |     1 ||     1
  Eat: Chunk             |     1 |     7 |    10 |     8 |     6 ||    32
       Ration            |       |       |     1 |     2 |     3 ||     6
Armor: Scale mail        |    64 |    80 |       |       |       ||   144
       Chain mail        |       |       |   156 |    86 |   178 ||   420
       Plate armour      |       |       |       |    63 |       ||    63
       Skin              |       |       |       |    15 |    10 ||    25
Dodge: Dodged            |    44 |    52 |    74 |    68 |   146 ||   384
Block: Kite shield       |    67 |   101 |    83 |       |       ||   251
       Tower shield      |       |       |   119 |   520 |   738 ||  1377

Table legend:
 A = Non-vault XP
 B = Vault XP
 C = Vault XP percentage of total XP
 D = Non-vault monster count
 E = Vault monster count
 F = Vault count percentage of total count
                 A         B        C        D         E       F
            +---------+---------+-------+---------+---------+-------
      Total |   67575 |   26412 |  28.1 |     448 |      77 |  14.7
            +---------+---------+-------+---------+---------+-------
        D:1 |      58 |       0 |   0.0 |      28 |       0 |   0.0
        D:2 |     238 |       0 |   0.0 |      25 |       0 |   0.0
        D:3 |     108 |      16 |  12.9 |      25 |       3 |  10.7
        D:4 |     448 |     241 |  35.0 |      12 |       2 |  14.3
        D:5 |     229 |       0 |   0.0 |      14 |       0 |   0.0
        D:6 |     496 |       0 |   0.0 |      15 |       0 |   0.0
        D:7 |    1075 |    2022 |  65.3 |      22 |       8 |  26.7
        D:8 |    1496 |     418 |  21.8 |      25 |       1 |   3.8
        D:9 |    1891 |    5366 |  73.9 |      25 |      35 |  58.3
       D:10 |    2280 |     355 |  13.5 |      20 |       1 |   4.8
       D:11 |    3634 |       0 |   0.0 |      25 |       0 |   0.0
       D:12 |    7119 |    5342 |  42.9 |      33 |       2 |   5.7
       D:13 |    4104 |    9883 |  70.7 |      26 |      13 |  33.3
       D:14 |    9237 |       0 |   0.0 |      28 |       0 |   0.0
       D:15 |   11762 |       0 |   0.0 |      30 |       0 |   0.0
     Lair:1 |    4637 |       0 |   0.0 |      19 |       0 |   0.0
     Lair:2 |    4793 |       0 |   0.0 |      26 |       0 |   0.0
     Lair:3 |    5748 |    2769 |  32.5 |      19 |      12 |  38.7
     Lair:4 |    4995 |       0 |   0.0 |      22 |       0 |   0.0
     Lair:5 |    1745 |       0 |   0.0 |       7 |       0 |   0.0
      Orc:1 |    1482 |       0 |   0.0 |       2 |       0 |   0.0
            +---------+---------+-------+---------+---------+-------
